 Dungeon Crawl Stone Soup version 0.19-a0-1320-g0178847 (webtiles) character file.

31595 twist the Severer (level 13, -2/122 HPs)
             Began as a Hill Orc Fighter on Aug 31, 2016.
             Was a High Priest of Beogh.
             Slain by a frost giant
             ... wielding a +0 battleaxe of freezing
              (4 damage)
             ... in an ice cave.
             The game lasted 00:37:21 (15162 turns).

twist the Severer (Hill Orc Fighter)               Turns: 15162, Time: 00:37:22

Health: -2/122     AC: 18    Str: 20    XL:     13   Next: 59%
Magic:  13/13      EV: 13    Int:  4    God:    Beogh [*****.]
Gold:   1383       SH: 11    Dex: 13    Spells: 0 memorised, 12 levels left

rFire  . . .     SeeInvis .     a - +2 war axe
rCold  + . .     Gourm    .     x - +2 scale mail {rC+}
rNeg   . . .     Faith    .     c - +0 shield
rPois  .         Spirit   .     n - +0 helmet
rElec  +         Dismiss  .     H - +2 cloak
rCorr  .         Reflect  .     q - +1 pair of gloves
MR     .....     Harm     .     (no boots)
Stlth  ..........               (no amulet)
                                O - ring "Mean Sutz" {rElec Int-5} (curse)
                                o - ring of flight

@: about to teleport
A: walk on water
a: Smiting, Recall Orcish Followers, Give Item to Named Follower, Renounce
Religion, Evoke Flight


You were in an ice cave.
You worshipped Beogh.
Beogh was extremely pleased with you.
You were hungry.

You visited 2 branches of the dungeon, and saw 14 of its levels.
You also visited: Ice Cave.

You collected 1383 gold pieces.

Inventory:

Hand Weapons
 a - a +2 war axe (weapon)
 r - a +0 hand axe of electrocution
 t - a +0 blowgun
 z - a +2 hand axe of venom
 E - a +1 dagger of flaming
Missiles
 b - 55 poisoned needles
 d - 9 curare-tipped needles
 G - 2 needles of frenzy
Armour
 c - a +0 shield (worn)
 n - a +0 helmet (worn)
 q - a +1 pair of gloves (worn)
 x - a +2 scale mail of cold resistance (worn)
 H - a +2 cloak (worn)
 Q - the +6 plate armour "Asko" {MR- Str+5 SInv}
   (You found it on level 12 of the Dungeon)

   It affects your strength (+5).
   It affects your resistance to hostile enchantments.
   It lets you see invisible.
Magical Staves
 P - an uncursed staff of poison {unknown}
Jewellery
 o - a ring of flight (left hand)
 O - the cursed ring "Mean Sutz" (right hand) {rElec Int-5}
   (You found it on level 11 of the Dungeon)

   [ring of intelligence]

   It affects your intelligence (-5).
   It insulates you from electricity.
   It has a curse placed upon it.
Wands
 h - a wand of iceblast (3/15)
 A - a wand of flame (15/48)
 S - a wand of polymorph (14/24)
 T - a wand of polymorph (9/24)
Scrolls
 e - 2 scrolls of remove curse
 i - 3 scrolls of teleportation
 m - 4 scrolls of amnesia
 y - 6 scrolls of identify
 B - 4 scrolls of enchant weapon
 F - a scroll of blinking
Potions
 g - 2 potions of magic
 k - 4 potions of flight
 l - 3 potions of brilliance
 p - a potion of resistance
 w - 2 potions of degeneration
 C - 6 potions of curing
 D - a potion of heal wounds
Books
 I - a book of Ice

   Spells                             Type                      Level
   a - Ice Form                       Ice/Transmutation            4
   b - Metabolic Englaciation         Hexes/Ice                    5
   c - Ozocubu's Refrigeration        Ice                          6
   d - Bolt of Cold                   Conjuration/Ice              6
   e - Freezing Cloud                 Conjuration/Ice/Air          6
   f - Simulacrum                     Ice/Necromancy               6
 K - a book of the Dragon

   Spells                             Type                      Level
   a - Flame Tongue                   Conjuration/Fire             1
   b - Cause Fear                     Hexes                        4
   c - Bolt of Fire                   Conjuration/Fire             6
   d - Dragon Form                    Transmutation                7
   e - Dragon's Call                  Summoning                    9
 L - a book of Unlife

   Spells                             Type                      Level
   a - Recall                         Summoning/Translocation      3
   b - Animate Dead                   Necromancy                   4
   c - Control Undead                 Necromancy                   4
   d - Cigotuvi's Embrace             Necromancy                   5
   e - Death Channel                  Necromancy                   6
   f - Simulacrum                     Ice/Necromancy               6
Comestibles
 f - 9 bread rations
 j - 2 slices of pizza
 s - 2 royal jellies
 u - a meat ration
 v - a fruit
 N - 2 beef jerkies


   Skills:
 * Level 13.3 Fighting
 - Level 16.0 Axes
 * Level 11.0 Armour
 * Level 7.9 Dodging
 + Level 8.9 Shields


You had 12 spell levels left.
You didn't know any spells.

Dungeon Overview and Level Annotations

Branches:
Dungeon (12/15)            Temple (0/1) D:6            Lair (0/6) D:10
    Orc (2/2) D:10            Elf (0/3) Orc:2

Altars:
Ashenzari
Elyvilon
Fedhas
Kikubaaqudgha
Nemelex Xobeh
Okawaru
Qazlal
Ru
Sif Muna
Uskayaw
Vehumet
Xom
Yredelemnul
Zin
Beogh

Shops:
D:6 %   D:11 ?   Orc:2 !:}[


Message History

You hit the frost giant.
The frost giant is moderately wounded.
The frost giant hits you with a battleaxe of freezing!
* * * LOW HITPOINT WARNING * * *
The frost giant freezes you.
* * * LOW HITPOINT WARNING * * *
You barely miss the frost giant.
The frost giant is moderately wounded.
Unknown command.
As you read the scroll of teleportation, it crumbles to dust.
You feel strangely unstable.
The frost giant gestures at you while chanting.
The bolt of cold misses you.
Unknown command.
You slash the frost giant!
The frost giant is moderately wounded.
The frost giant hits you with a battleaxe of freezing!!
* * * LOW HITPOINT WARNING * * *
The frost giant freezes you.
You die...

≈≈≈≈≈≈≈≈≈≈##
≈≈≈≈≈≈≈≈≈##
≈≈≈≈≈≈≈#.#
#≈≈≈≈≈##.##
###≈≈≈≈≈≈##.#
##.##≈≈#≈ ##.#
##Y...#≈## #..#
#..##.#≈.###C.#
#hh###.###)#.@.#
...C.
#.##..#...#
....Y#
##h###...##
..... #Y###..##
....# ##.##.##
.... #.##..#
#..# ##.##.##
##Y##..##
##.####..#


You could see a frost giant.

Vanquished Creatures
  Erolcha (Orc:2)
  A hydra (D:11)
  2 ogre magi
  4 death yaks (IceCv)
  An unseen horror (D:10)
  Pikel (D:4)
  3 hill giants
  An orc sorcerer (Orc:2)
  An ice statue (IceCv)
  2 trolls
  Prince Ribbit (D:5)
  11 polar bears (IceCv)
  Grinder (D:3)
  4 two-headed ogres
  Sigmund (D:3)
  A spriggan (D:7)
  The ghost of Aquadorian the Cudgeler, an amateur OgSk (D:4)
  A wyvern (D:8)
  26 yaks
  3 hungry ghosts
  A steam dragon (D:10)
  Menkaure (D:5)
  3 hippogriffs
  A warg (Orc:1)
  6 ice beasts
  10 orc warriors
  A black bear (D:10)
  13 wolves (IceCv)
  An eye of draining (D:10)
  10 ogres
  3 centaurs
  6 giant frogs
  3 scorpions
  9 killer bees
  11 wights
  2 howler monkeys
  4 centaur zombies
  5 crimson imps
  A quasit (D:9)
  6 hounds
  2 giant frog zombies
  5 jellies
  2 giant frog skeletons
  6 orc priests
  4 centaur skeletons
  Ijyb (D:3)
  Natasha (thrice) (D:4)
  14 orc wizards
  2 iguanas
  14 worker ants
  A hound zombie (D:9)
  A hound skeleton (D:7)
  3 worker ant zombies
  3 gnolls (D:8)
  13 adders
  A shadow imp (D:5)
  An ooze (D:2)
  2 adder zombies (D:6)
  An adder skeleton (D:6)
  4 worms
  A dart slug (D:1)
  6 giant geckos
  27 orcs
  5 bats
  2 giant cockroaches
  2 gnoll zombies (D:4)
  4 goblins
  11 hobgoblins
  9 jackals
  8 quokkas
  6 giant newts
  6 kobolds
  4 rats
338 creatures vanquished.

Vanquished Creatures (collateral kills)
  An orc warlord (Orc:1)
  4 ogre magi (Orc:2)
  A deep troll earth mage (D:12)
  Sonja (Orc:2)
  4 ugly things (D:12)
  3 orc sorcerers (Orc:2)
  2 centaur skeletons
  3 trolls
  A two-headed ogre (Orc:2)
  2 yaks (D:11)
  A hungry ghost (D:11)
  A hippogriff (D:11)
  3 wargs
  2 ice beasts (D:12)
  10 orc warriors
  3 ogres
  A wolf (IceCv)
  2 killer bees (D:11)
  A wight (D:11)
  A crimson imp (D:12)
  5 orc priests
  11 orc wizards
  A hound skeleton (D:11)
  A shadow imp (D:12)
  9 orcs
74 creatures vanquished.

Vanquished Creatures (others)
  2 orc knights
  A yak (IceCv)
  8 orc warriors
  A giant frog skeleton (D:4)
  7 orc priests
  16 orc wizards
  A worm (D:4)
  31 orcs
67 creatures vanquished.

Grand Total: 479 creatures vanquished

Notes
Turn   | Place    | Note
-------+----------+-------------------------------------------
     0 | D:1      | twist the Hill Orc Fighter began the quest for the Orb.
     0 | D:1      | Reached XP level 1. HP: 19/19 MP: 1/1
   115 | D:1      | Reached skill level 3 in Axes
   278 | D:1      | Reached XP level 2. HP: 24/26 MP: 2/2
   358 | D:1      | Reached skill level 4 in Axes
   859 | D:1      | Reached XP level 3. HP: 13/31 MP: 3/3
  1051 | D:1      | Reached skill level 5 in Axes
  1304 | D:2      | Reached XP level 4. HP: 18/39 MP: 4/4
  1722 | D:2      | Reached skill level 6 in Axes
  2215 | D:3      | Noticed Ijyb
  2237 | D:3      | Killed Ijyb
  2237 | D:3      | Reached XP level 5. HP: 39/45 MP: 5/5
  2326 | D:3      | Noticed Sigmund
  2343 | D:3      | Killed Sigmund
  2343 | D:3      | Reached skill level 8 in Axes
  2343 | D:3      | Reached XP level 6. HP: 38/51 MP: 6/6
  2472 | D:3      | Noticed Grinder
  2500 | D:3      | Paralysed by Grinder for 3 turns
  2506 | D:3      | Killed Grinder
  2506 | D:3      | Reached skill level 9 in Axes
  2506 | D:3      | Reached XP level 7. HP: 39/57 MP: 7/7
  2647 | D:3      | Reached skill level 10 in Axes
  2859 | D:3      | Found a radiant altar of Vehumet.
  3015 | D:4      | Noticed Natasha
  3033 | D:4      | Killed Natasha
  3093 | D:4      | Noticed Pikel
  3111 | D:4      | Killed Pikel
  3111 | D:4      | Reached skill level 12 in Axes
  3111 | D:4      | Reached XP level 8. HP: 19/64 MP: 8/8
  3261 | D:4      | Found a sparkling altar of Nemelex Xobeh.
  3328 | D:4      | Noticed Natasha
  3333 | D:4      | Killed Natasha
  3351 | D:4      | Found a glowing silver altar of Zin.
  3476 | D:4      | Noticed Aquadorian's ghost (amateur OgSk)
  3501 | D:4      | Killed Aquadorian's ghost
  3661 | D:4      | Noticed Natasha
  3670 | D:4      | Killed Natasha
  3670 | D:4      | Reached skill level 13 in Axes
  3716 | D:4      | Found a basalt altar of Yredelemnul.
  3760 | D:5      | Entered Level 5 of the Dungeon
  4076 | D:5      | Reached XP level 9. HP: 70/70 MP: 9/9
  4109 | D:5      | Reached skill level 14 in Axes
  4176 | D:5      | Found a deep blue altar of Sif Muna.
  4204 | D:5      | Noticed Prince Ribbit
  4222 | D:5      | Killed Prince Ribbit
  4222 | D:5      | Reached skill level 1 in Dodging
  4328 | D:5      | Found a sacrificial altar of Ru.
  4397 | D:5      | Found a sparkling altar of Nemelex Xobeh.
  4397 | D:5      | Found a white marble altar of Elyvilon.
  4399 | D:5      | Found a hide-covered altar of Uskayaw.
  4586 | D:5      | Found a shimmering altar of Xom.
  4619 | D:5      | Noticed Menkaure
  4903 | D:5      | Killed Menkaure
  5027 | D:6      | Became a worshipper of Beogh the Brigand
  5179 | D:6      | Found Irext's Food Boutique.
  5264 | D:6      | Found a staircase to the Ecumenical Temple.
  5478 | D:6      | Reached skill level 15 in Axes
  5813 | D:7      | Found a stormy altar of Qazlal.
  5824 | D:7      | Found an iron altar of Okawaru.
  5836 | D:7      | Reached * piety under Beogh
  5872 | D:7      | Found a blossoming altar of Fedhas.
  5947 | D:7      | Reached skill level 5 in Fighting
  6392 | D:8      | Reached XP level 10. HP: 65/81 MP: 10/10
  6659 | D:8      | Reached skill level 5 in Armour
  7448 | D:9      | Found a shattered altar of Ashenzari.
  7575 | D:9      | Reached ** piety under Beogh
  8094 | D:9      | Reached skill level 16 in Axes
  8099 | D:9      | Reached skill level 5 in Shields
  8239 | D:10     | Entered Level 10 of the Dungeon
  8297 | D:10     | Reached XP level 11. HP: 75/92 MP: 11/11
  8724 | D:10     | Killed an unseen horror
  8739 | D:10     | Reached *** piety under Beogh
  8852 | D:10     | Found a staircase to the Lair.
  8879 | D:10     | Found a staircase to the Orcish Mines.
  8893 | D:10     | Noticed a hill giant
  8907 | D:10     | Killed a hill giant
  9105 | Orc:1    | Entered Level 1 of the Orcish Mines
  9155 | Orc:1    | Noticed an ogre mage
  9164 | Orc:1    | Killed an ogre mage
  9528 | Orc:1    | Reached skill level 5 in Dodging
  9594 | Orc:1    | You fall through a shaft!
  9594 | Orc:2    | Entered Level 2 of the Orcish Mines
 10098 | Orc:2    | Found a staircase to the Elven Halls.
 10148 | Orc:1    | Noticed an orc warlord
 10367 | Orc:1    | Reached **** piety under Beogh
 10386 | Orc:1    | Killed an orc warlord
 10598 | Orc:2    | Noticed an orc high priest
 10600 | Orc:2    | Noticed an orc sorcerer
 10607 | Orc:2    | Killed an orc sorcerer
 10607 | Orc:2    | Reached skill level 10 in Fighting
 10819 | Orc:2    | Noticed an orc sorcerer
 10819 | Orc:2    | Noticed an ogre mage
 10820 | Orc:2    | Noticed an ogre mage
 10821 | Orc:2    | Noticed an ogre mage
 10828 | Orc:2    | Killed an orc sorcerer
 10828 | Orc:2    | Reached XP level 12. HP: 75/106 MP: 12/12
 10830 | Orc:2    | Killed an ogre mage
 10835 | Orc:2    | Killed an ogre mage
 10839 | Orc:2    | Killed an ogre mage
 10844 | Orc:2    | Noticed an ogre mage
 10851 | Orc:2    | Killed an ogre mage
 11095 | Orc:2    | Found Uzxo's Antique Armour Boutique.
 11137 | Orc:2    | Found an ancient bone altar of Kikubaaqudgha.
 11148 | Orc:2    | Found Honewab's Gadget Boutique.
 11163 | Orc:2    | Found a radiant altar of Vehumet.
 11163 | Orc:2    | Noticed Erolcha
 11166 | Orc:2    | Noticed an ogre mage
 11174 | Orc:2    | Killed Erolcha
 11177 | Orc:2    | Killed an ogre mage
 11197 | Orc:2    | Found a roughly hewn altar of Beogh.
 11197 | Orc:2    | Found Uruops's Book Boutique.
 11202 | Orc:2    | Found Kemirgh's Distillery.
 11301 | Orc:2    | Noticed Sonja
 11304 | Orc:2    | Noticed an orc warlord
 11309 | Orc:2    | Gained Gorm as an ally
 11317 | Orc:2    | Killed Sonja
 11368 | Orc:2    | Your ally Gorm died
 11374 | Orc:2    | Gained Gorbash as an ally
 12039 | D:11     | Reached ***** piety under Beogh
 12066 | D:11     | Found Fono's Magic Scroll Emporium.
 12123 | D:11     | Noticed a seven-headed hydra
 12134 | D:11     | Killed a seven-headed hydra
 12305 | D:11     | Got a slimy bone ring
 12338 | D:11     | Identified the cursed ring "Mean Sutz" {rElec Int-5} (You found it on level 11 of the Dungeon)
 12480 | D:12     | Reached skill level 10 in Armour
 12589 | D:12     | Noticed a deep troll earth mage
 12609 | D:12     | Killed a deep troll earth mage
 12729 | D:12     | Got a crude plate armour
 12753 | D:12     | Found a frozen archway.
 12765 | D:12     | Reached XP level 13. HP: 100/118 MP: 13/13
 12788 | IceCv    | Entered an ice cave
 14188 | IceCv    | Gained Milork as an ally
 14512 | IceCv    | Your ally Milork died
 14635 | IceCv    | Identified the +6 plate armour "Asko" {MR- Str+5 SInv} (You found it on level 12 of the Dungeon)
 14769 | IceCv    | Noticed a frost giant
 15162 | IceCv    | HP: 2/122 [frost giant/battleaxe of freezing (19)]
 15162 | IceCv    | Slain by a frost giant

Vault maps used:
D:1:      dpeg_arrival_rooms_c, serial_glass, glass_columns_b, glass_columns_b
D:2:      nrook_loot_triangle
D:3:      marbit_many_paths, grunt_ministairs_6, uniq_grinder, uniq_iyjb,
          uniq_sigmund
D:4:      zin_statuary, lemuel_zombie_altar_yredelemnul, kennysheep_cross_room,
          nemelex_altar_shiori, uniq_pikel, uniq_natasha
D:5:      overflow_temple_1_default, lemuel_crystal_altar,
          nicolae_overflow_hidden_temple, first_bread,
          nicolae_ru_the_path_less_chosen, uniq_prince_ribbit1, uniq_menkaure
D:6:      serial_shops, shop_fountains
D:7:      nicolae_overflow_crystal_walls, kennysheep_mini, lemuel_crystal_altar,
          the_bakery
D:9:      evilmike_ruin_ashenzari
D:10:     lair_0_dummy, orc_0_dummy
D:11:     serial_shops, shop, serial_glass, glass_columns_a, glass_columns_b,
          glass_columns_a, glass_columns_c, minmay_strange_pillars,
          item_on_display_a
D:12:     portal_ice_cave_entry_ice_beasts, kennysheep_just_a_vault
Orc:1:    enter_volcano_2, nicolae_orc_sculptors_studio
Orc:2:    kennysheep_orc_mage_school, uniq_sonja
IceCv:    ice_cave_caverns_02

Skill      XL: |  1  2  3  4  5  6  7  8  9 10 11 12 13 |
---------------+----------------------------------------+-----
Axes           | 3 4 5 6 8 9 12 13 15 16 | 16.0
Dodging        | 2 3 5 7 |  7.9
Fighting       | 5 7 10 12 13 | 13.3
Armour         | 4 6 8 10 11 | 11.0
Shields        | 4 5 6 7 8 |  8.9

Action                   |  1- 3 |  4- 6 |  7- 9 | 10-12 | 13-15 || total
-------------------------+-------+-------+-------+-------+-------++-------
Melee: War axe           |   109 |   140 |   381 |   660 |   431 ||  1721
       Dagger            |       |       |       |     4 |       ||     4
Invok: Convert to Beogh  |       |       |     1 |       |       ||     1
       Recall Orcish Fol |       |       |       |     1 |     1 ||     2
       Smiting           |       |       |       |     1 |       ||     1
Evoke: Wand              |       |       |     7 |       |       ||     7
  Use: Scroll            |       |    10 |     7 |    10 |     1 ||    28
       Potion            |       |     3 |     3 |     7 |     3 ||    16
 Stab: Invisible         |       |       |     2 |       |       ||     2
       Distracted        |       |       |       |     6 |       ||     6
       Confused          |       |       |       |     1 |       ||     1
  Eat: Chunk             |     1 |     5 |    10 |    13 |     4 ||    33
       Fruit             |       |       |     1 |     1 |       ||     2
       Beef jerky        |       |       |     1 |     1 |       ||     2
       Meat ration       |       |       |       |     2 |       ||     2
       Bread ration      |       |       |       |       |     1 ||     1
Armor: Scale mail        |    58 |    55 |   107 |   252 |   133 ||   605
       Skin              |       |       |    24 |       |       ||    24
Dodge: Dodged            |    32 |    47 |    75 |   209 |   161 ||   524
Block: Shield            |    71 |    69 |   119 |   271 |   199 ||   729
